 Dungeon Crawl Stone Soup version 0.19.0-19-g8c6edcc (webtiles) character file.

480 Charly the Cleaver (level 6, -5/51 HPs)
             Began as a Minotaur Berserker on Nov 15, 2016.
             Was a Follower of Trog.
             Slain by an ice beast (10 damage)
             ... on level 6 of the Dungeon.
             The game lasted 00:03:40 (453 turns).

Charly the Cleaver (Minotaur Berserker)              Turns: 453, Time: 00:03:41

Health: -5/51      AC:  5    Str: 21    XL:     6   Next: 86%
Magic:  5/5        EV: 11    Int:  4    God:    Trog [*.....]
Gold:   48         SH:  0    Dex: 12    Spells: 0 memorised, 5 levels left

rFire  . . .     SeeInvis .     a - +0 hand axe
rCold  . . .     Gourm    .     e - +0 ring mail
rNeg   . . .     Faith    .     (no shield)
rPois  .         Spirit   .     (helmet restricted)
rElec  .         Reflect  .     (no cloak)
rCorr  .         Harm     .     (no gloves)
MR     ++...                    (no boots)
Stlth  +.........               (no amulet)
                                (no ring)
                                (no ring)

@: exhausted, regenerating, slowed, very slow
A: retaliatory headbutt, horns 2
a: Berserk, Burn Spellbooks, Renounce Religion


You were on level 6 of the Dungeon.
You worshipped Trog.
Trog was aware of your devotion.
You were hungry.

You visited 1 branch of the dungeon, and saw 6 of its levels.

You collected 48 gold pieces.

Inventory:

Hand Weapons
 a - a +0 hand axe (weapon)
Armour
 e - a +0 ring mail (worn)
 l - a +0 plate armour
Scrolls
 b - 2 scrolls of teleportation {unknown}
 h - a scroll of enchant armour {unknown}
 i - a scroll of fear {unknown}
 j - a scroll of identify {unknown}
 k - a scroll of magic mapping {unknown}
Potions
 d - 2 potions of cancellation {unknown}
 g - a potion of degeneration {unknown}
Comestibles
 c - 2 bread rations
 f - 2 chunks of flesh


   Skills:
 - Level 3.6 Fighting
 + Level 9.4 Axes
 - Level 2.4 Armour
 - Level 2.1 Dodging


You had 5 spell levels left.
You didn't know any spells.

Dungeon Overview and Level Annotations

Branches:
Dungeon (6/15)             Temple (0/1) D:5

Altars:

Shops:
D:4 ([


Innate Abilities, Weirdness & Mutations

You reflexively headbutt those who attack you in melee.
You have a pair of horns on your head.


Message History

* * * LOW HITPOINT WARNING * * *
You slash the phantom!
You destroy the phantom!
Trog accepts your kill.
You can now call upon Trog for regeneration and protection from hostile enchantments.
Your Axes skill increases to level 9!
You hit the ice beast. The ice beast hits you.
* * * LOW HITPOINT WARNING * * *
The ice beast freezes you!
* * * LOW HITPOINT WARNING * * *
The ice beast hits you but does no damage.
Unknown command.
Your skin crawls.
You feel resistant to hostile enchantments.
You feel somewhat more hungry.
You can no longer call upon Trog for regeneration and protection from hostile enchantments.
The ice beast hits you.
* * * LOW HITPOINT WARNING * * *
The ice beast freezes you!
You die...

## .# # #.#.#
..#.## # #.....#
.. ......#
#.##$#####....#
#......<)@..#.#.#
#.#.#.#.Y)......#
.. #....##.###
..........# #
##.####.#...# ..
........ #
##...#.###
#...#.# ##.....


You could see an ice beast.

Vanquished Creatures
  Menkaure (D:6)
  An orc warrior (D:6)
  A phantom (D:6)
  The ghost of asdu the Chopper, a weakling VSBe of Trog (D:4)
  A hound (D:4)
  An orc priest (D:3)
  An orc wizard (D:6)
  A centaur skeleton (D:4)
  A worm (D:4)
  2 dart slugs
  A leopard gecko (D:6)
  4 orcs
  A goblin (D:2)
  2 hobgoblins (D:1)
  3 jackals (D:2)
  A frilled lizard (D:4)
  A kobold (D:1)
24 creatures vanquished.

Notes
Turn   | Place    | Note
-------+----------+-------------------------------------------
     0 | D:1      | Charly the Minotaur Berserker began the quest for the Orb.
     0 | D:1      | Reached XP level 1. HP: 19/19 MP: 0/0
    44 | D:1      | Reached skill level 4 in Axes
   172 | D:2      | Reached XP level 2. HP: 26/26 MP: 1/1
   219 | D:3      | Reached skill level 5 in Axes
   219 | D:3      | Reached XP level 3. HP: 31/31 MP: 2/2
   311 | D:4      | Found Henufeab's Armour Shop.
   317 | D:4      | Reached skill level 6 in Axes
   317 | D:4      | Reached XP level 4. HP: 39/39 MP: 3/3
   377 | D:4      | Noticed asdu's ghost (weakling VSBe)
   381 | D:4      | Killed asdu's ghost
   383 | D:4      | Reached skill level 7 in Axes
   383 | D:4      | Reached XP level 5. HP: 45/45 MP: 4/4
   392 | D:4      | Found Meemm's Weapon Boutique.
   421 | D:5      | Entered Level 5 of the Dungeon
   421 | D:5      | Found a staircase to the Ecumenical Temple.
   428 | D:6      | Noticed Menkaure
   431 | D:6      | Noticed an orc warrior
   432 | D:6      | Killed Menkaure
   432 | D:6      | Reached skill level 8 in Axes
   432 | D:6      | Reached XP level 6. HP: 51/51 MP: 5/5
   437 | D:6      | Killed an orc warrior
   448 | D:6      | Noticed an ice beast
   452 | D:6      | Reached ** piety under Trog
   452 | D:6      | Reached skill level 9 in Axes
   453 | D:6      | Slain by an ice beast

Skill      XL: |  1  2  3  4  5  6 |
---------------+-------------------+-----
Axes           | 4 5 6 7 8 9 |  9.4
Fighting       | |  3.6
Armour         | |  2.4
Dodging        | |  2.1

Action                   |  1- 3 |  4- 6 || total
-------------------------+-------+-------++-------
Melee: Hand axe          |    18 |    29 ||    47
       Headbutt          |     2 |     8 ||    10
Invok: Berserk           |     4 |     2 ||     6
       Trog's Hand       |       |     1 ||     1
  Eat: Chunk             |       |     4 ||     4
Armor: Ring mail         |     4 |     7 ||    11
Dodge: Dodged            |    13 |    12 ||    25
